 Dungeon Crawl Stone Soup version 0.21.0-3-g78d12a8 (webtiles) character file.

197 lydgate the Covered (level 5, -13/33 HPs)
             Began as a Gargoyle Fighter on Jan 16, 2018.
             Killed by divine providence
             ... invoked by an orc priest
              (17 damage)
             ... on level 3 of the Dungeon.
             The game lasted 00:11:57 (2225 turns).

lydgate the Covered (Gargoyle Fighter)              Turns: 2225, Time: 00:11:59

Health: -13/33     AC: 12    Str: 20    XL:     5   Next: 75%
Magic:  5/5        EV:  7    Int:  8    God:
Gold:   77         SH:  9    Dex: 10    Spells: 4/4 levels left

rFire    . . .     SeeInvis .   a - +0 flail
rCold    . . .     Gourm    .   c - +0 shield
rNeg     + . .     Faith    .   g - +0 scale mail
rPois    ∞         Spirit   .   (no helmet)
rElec    +         Reflect  .   (no cloak)
rCorr    .         Harm     .   o - +0 pair of gloves
MR       .....                  (no boots)
Stlth    ..........             (no amulet)
HPRegen  0.11/turn              (no ring)
MPRegen  0.09/turn              (no ring)

@: about to teleport
A: negative energy resistance 1, electricity resistance, unbreathing,
petrification resistance, rot immunity, AC +4
a: no special abilities


You were on level 3 of the Dungeon.
You were hungry.

You visited 1 branch of the dungeon, and saw 3 of its levels.

You collected 77 gold pieces.

Inventory:

Hand Weapons
 a - a +0 flail (weapon)
 k - a +0 mace
 m - a +0 whip
Missiles
 j - 86 stones (quivered)
Armour
 c - a +0 shield (worn)
 g - a +0 scale mail (worn)
 o - a +0 pair of gloves (worn)
Scrolls
 h - 2 scrolls of identify
 i - 2 scrolls of enchant weapon
Potions
 b - a potion of haste {unknown}
 d - 3 potions of might
 e - 2 potions of agility {unknown}
 l - a potion of magic
 n - 2 potions of brilliance
 r - a potion of curing {unknown}
Comestibles
 f - 5 rations
 p - 2 chunks of flesh


   Skills:
 + Level 3.8 Fighting
 + Level 3.3 Maces & Flails
 + Level 0.8 Throwing
 + Level 4.6 Armour
 + Level 0.7 Dodging
 + Level 0.3 Stealth
 + Level 4.2 Shields


You had 4 spell levels left.
You didn't know any spells.

Dungeon Overview and Level Annotations

Branches:
Dungeon (3/15)

Altars:


Innate Abilities, Weirdness & Mutations

You are resistant to torment.
Your stone body is resilient. (AC +4)
You are immune to poison.
You resist negative energy. (rN+)
You are resistant to electric shocks. (rElec)
You can survive without breathing.
You are immune to petrification.
You are immune to rotting.


Message History

Press: ? - help, Shift-Dir - straight line, f/p - kobold demonologist
Aim: a kobold demonologist, wielding a dagger and wearing a robe (heavily wounded, covered in acid)
You throw a stone.
The stone hits the kobold demonologist but does no damage.
The kobold demonologist is heavily wounded.
The orc priest mumbles some strange prayers to Beogh against you.
Beogh smites you!
* * * LOW HITPOINT WARNING * * *
The shadow imp gestures at you. Pain shoots through your body!
* * * LOW HITPOINT WARNING * * *
There is an open door here.
As you read the scroll of teleportation, it crumbles to dust.
You feel strangely unstable.
The kobold demonologist is no longer covered in acid.
You block the iron imp's attack.
The orc priest calls down the wrath of Beogh upon you.
Beogh smites you!
Ouch! That really hurt!
You die...

#.#.≈...≈.#..#
#.#.≈...≈.#..#
#!#.≈PPP≈.#..##
#.#.≈≈⌠≈≈.#.>.+
#.#o≈≈P≈≈.#...#..
#.#K≈...≈o#b....##
#.#5≈...≈5#?......
#.####5####K...<.# #.#
#.#P..@..P#K..... #.#
##.#8P.©.P8#...##.# #.#
#..#########.......
#.####.[....©)....##..
####.##...####...#.........
..#.##.#...#......#....#..
#.#.##.....#.###..#.#.#...
#.#..........# ...#.......
###....##..#####.#..#...#.#.


You could see a kobold demonologist, an iron imp, 2 orc priests, 2 shadow imps,
a bat and 2 kobolds.

Vanquished Creatures
  A centaur (D:2)
  An iguana (D:2)
  3 adders (D:2)
  An ooze (D:1)
  A worm (D:2)
  3 dart slugs
  3 leopard geckos
  An orc (D:2)
  4 giant cockroaches
  5 goblins
  8 hobgoblins
  2 kobolds
  4 bats
  2 frilled lizards
  5 rats
44 creatures vanquished.

Notes
Turn   | Place    | Note
-------+----------+-------------------------------------------
     0 | D:1      | lydgate the Gargoyle Fighter began the quest for the Orb.
     0 | D:1      | Reached XP level 1. HP: 14/14 MP: 1/1
   176 | D:1      | Reached XP level 2. HP: 19/19 MP: 2/2
   467 | D:1      | Reached XP level 3. HP: 23/23 MP: 3/3
  1211 | D:2      | Noticed a centaur
  1406 | D:2      | Killed a centaur
  1406 | D:2      | Reached XP level 4. HP: 13/29 MP: 4/4
  1406 | D:2      | Reached XP level 5. HP: 15/33 MP: 5/5
  2165 | D:3      | Found a transporter.
  2165 | D:3      | Noticed a kobold demonologist
  2225 | D:3      | Killed from afar by an orc priest

Skill      XL: |  1  2  3 |
---------------+----------+-----
Maces & Flails | 3 |  3.3
Armour         | 4 |  4.6
Shields        | 4 |  4.2
Fighting       | |  3.8
Throwing       | |  0.8
Dodging        | |  0.7
Stealth        | |  0.3

Action                   |  1- 3 |  4- 6 || total
-------------------------+-------+-------++-------
Melee: Flail             |    73 |    34 ||   107
       Whip              |    49 |    76 ||   125
       Mace              |       |     9 ||     9
Throw: Stone             |    28 |    26 ||    54
Evoke: Wand              |       |     2 ||     2
  Use: Scroll            |       |     6 ||     6
       Potion            |       |     1 ||     1
  Eat: Chunk             |     1 |     3 ||     4
Armor: Scale mail        |    66 |    58 ||   124
Dodge: Dodged            |    55 |    29 ||    84
Block: Shield            |    69 |    58 ||   127
